 Dungeon Crawl Stone Soup version 0.31.0-12-g77e489cdc1 (webtiles) character file.

Game seed: 18239981658423436564

58394 Gadfly the Markskobold (level 15, -9/89 HPs)
             Began as a Kobold Hunter on Feb 15, 2024.
             Was the Champion of Hepliaklqana.
             Killed from afar by an ironbound thunderhulk (51 damage)
             ... with a bolt of lightning
             ... on level 13 of the Dungeon.
             The game lasted 00:40:48 (19703 turns).

Gadfly the Markskobold (Kobold Hunter)             Turns: 19703, Time: 00:40:49

Health: -9/89      AC: 11    Str: 10    XL:     15   Next: 29%
Magic:  24/24      EV: 31    Int: 11    God:    Hepliaklqana [******]
Gold:   3530       SH:  0    Dex: 30    Spells: 6/14 levels left

rFire   . . .        a - +6 arbalest (flame)
rCold   . . .        (shield currently unavailable)
rNeg    + . .        N - +0 steam dragon scales
rPois   .            A - +1 helmet
rElec   .            m - +0 cloak
rCorr   .            p - +0 pair of gloves
SInv    .            i - +1 pair of boots of the Lute {rN+ Regen+ Stlth+}
Will    +....        n - amulet of regeneration
Stlth   +++++        k - +6 ring of dexterity
HPRegen 1.94/turn    F - ring of flight
MPRegen 0.19/turn

%: no passive effects
@: flying
A: reduced essence, small, no large weapons, nightstalker 3
a: Renounce Religion, Recall Ancestor, Ancestor Identity, Transference, Idealise


You were on level 13 of the Dungeon.
You worshipped Hepliaklqana.
Hepliaklqana was exalted by your worship.
You visited 3 branches of the dungeon, and saw 19 of its levels.
You also visited: Sewer and Volcano.

You collected 3638 gold pieces.
You spent 108 gold pieces at shops.

Inventory:

Hand Weapons
 a - a +6 arbalest of flaming (weapon)
 b - a +4 spear of venom
 y - a +1 hand cannon of flaming
Armour
 h - the +2 leather armour "Vood" {rElec rC- Regen+ Stlth+}
   (You found it on level 2 of the Dungeon)

   rC-:       It makes you vulnerable to cold.
   rElec:     It insulates you from electricity.
   Regen+:    It increases your rate of health regeneration.
   Stlth+:    It makes you more stealthy.
 i - the +1 pair of boots of the Lute (worn) {rN+ Regen+ Stlth+}
   (You found it on level 6 of the Dungeon)

   rN+:       It protects you from negative energy.
   Regen+:    It increases your rate of health regeneration.
   Stlth+:    It makes you more stealthy.
 m - a +0 cloak (worn)
 p - a +0 pair of gloves (worn)
 A - a +1 helmet (worn)
 N - +0 steam dragon scales (worn)
 O - a +3 leather armour of fire resistance
Jewellery
 k - a +6 ring of dexterity (left hand)
 n - an amulet of regeneration (around neck)
 F - a ring of flight (right hand)
 K - a ring of see invisible
 U - a +6 ring of dexterity
Wands
 e - a wand of digging (9)
 v - a wand of iceblast (14)
 w - a wand of mindburst (20)
 I - a wand of paralysis (4)
 J - a wand of flame (8)
 R - a wand of quicksilver (5)
Scrolls
 d - 7 scrolls of teleportation
 q - a scroll of enchant weapon
 s - 2 scrolls of butterflies
 t - a scroll of brand weapon
 x - a scroll of enchant armour
 z - 2 scrolls of revelation
 B - 4 scrolls of vulnerability
 D - a scroll of fog
 E - 2 scrolls of fear
 G - 11 scrolls of identify
 H - a scroll of torment
 P - 2 scrolls of poison
 Q - a scroll of silence
 S - 4 scrolls of blinking
Potions
 c - 2 potions of resistance
 f - 2 potions of cancellation
 g - 3 potions of might
 j - 7 potions of lignification
 l - 4 potions of mutation
 o - 8 potions of heal wounds
 r - 11 potions of haste
 u - 4 potions of enlightenment
 C - 8 potions of curing
 L - a potion of attraction
 M - 2 potions of ambrosia


   Skills:
 + Level 13.4 Fighting
 + Level 16.2 Ranged Weapons
 + Level 13.2 Dodging
 - Level 1.3 Stealth
 + Level 13.3 Invocations
 + Level 13.1 Evocations


You had 6 spell levels left.
You knew the following spells:

 Your Spells              Type           Power      Damage    Failure   Level
a - Blink                 Tloc           0%         N/A       47%         2
b - Ozocubu's Armour      Ice            0%         N/A       71%         3
c - Inner Flame           Hex/Fire       0%         N/A       71%         3

Your spell library contained the following spells:

 Spells                   Type           Power      Damage    Failure   Level
 Kiss of Death            Conj/Necr      0%         2d5       34%         1
 Magic Dart               Conj           0%         1d3       34%         1
 Call Imp                 Summ           0%         N/A       47%         2
 Lesser Beckoning         Tloc           0%         N/A       47%         2
 Momentum Strike          Conj/Tloc      0%         3d8       47%         2
 Confusing Touch          Hex            0%         N/A       71%         3
 Fugue of the Fallen      Necr           0%         N/A       71%         3
 Dispel Undead            Necr           0%         3d6       98%         4
 Flame Wave               Conj/Fire      0%         2d4       98%         4
 Manifold Assault         Tloc           0%         N/A       98%         4
 Sticky Flame             Fire/Alch      0%         2d4       98%         4
 Metabolic Englaciation   Hex/Ice        0%         N/A       100%        5
 Sculpt Simulacrum        Ice/Alch       0%         N/A       100%        6


Dungeon Overview and Level Annotations

Branches:
Dungeon (13/15)            Temple (1/1) D:7            Lair (5/5) D:9
  Swamp (0/4) Lair:3       Spider (0/4) Lair:2        Slime (0/5) Lair:5
    Orc (0/2) D:12          Sewer (visited)         Volcano (visited)
 Vaults: D:13-14

Altars:
Ashenzari
Cheibriados
Dithmenos
Elyvilon
Fedhas
Gozag
Hepliaklqana
Kikubaaqudgha
Makhleb
Nemelex Xobeh
Okawaru
Qazlal
Ru
Sif Muna
Trog
Uskayaw
Vehumet
Wu Jian
Xom
Yredelemnul
Zin
The Shining One
Jiyva

Shops:
D:1 *   D:3 *(   D:11 [


Innate Abilities, Weirdness & Mutations

Your life essence is reduced to manifest your ancestor. (-10% HP)
You are small and have problems with some larger weapons.
You are completely attuned to the shadows.


Message History

Press: ? - help, Q - select action, (/) - cycle Shift-Dir - straight line, f/p - cane toad
Aim: a cane toad (almost dead, ally target, 79% to hit)
You shoot a bolt. The bolt barely misses the cane toad.
Meat Ghost blocks the cane toad's attack.
Unknown command.
Fire: a) +6 arbalest (flame)
Press: ? - help, Q - select action, (/) - cycle Shift-Dir - straight line, f/p - cane toad
Aim: a cane toad (almost dead, ally target, 79% to hit)
Okay, then.
Okay, then.
Aiming: Iceblast
Press: ? - help, Shift-Dir - straight line, f/p - cane toad
Aim: a cane toad (almost dead, ally target)
The mass of ice explodes!
The iceblast engulfs the vault guard!!
The vault guard is moderately wounded.
The iceblast engulfs the ironbound thunderhulk!!
The ironbound thunderhulk is moderately wounded.
The iceblast engulfs the cane toad!!
You kill the cane toad!
Meat Ghost avoids your attack.
Electricity crackles from the ironbound thunderhulk's apparatus.
The bolt of lightning misses you.
Unknown command.
You shoot a bolt.
The bolt hits the vault guard but does no damage.
The vault guard is moderately wounded.
The vault guard completely misses you.
Meat Ghost blocks the vault guard's attack.
You shoot a bolt. The bolt hits the vault guard!!
The bolt burns the vault guard!
The vault guard is almost dead.
Meat Ghost hits the vault guard with a +0 broad axe of flaming.
Meat Ghost burns the vault guard.
The vault guard dies!
Meat Ghost hits the ironbound thunderhulk with a +0 broad axe of flaming.
Meat Ghost burns the ironbound thunderhulk.
Electricity crackles from the ironbound thunderhulk's apparatus.
The bolt of lightning hits you!!!
Ouch! That really hurt!
You die...

#.......#..#
##........##
#........#
##.......##
##........#
###.......###
##..#......## #
#####..##
...OR)### #
......##
#'')##@.### ##
......# ..O.
#....## ##.
####..# ....
##....### ##..
##.# #...
###....###
##... #.#
###....####....
)#
###....#R....
##..<......
###.......
###.....


You could see the friendly Meat Ghost the knight and an ironbound thunderhulk.

Vanquished Creatures
  The ghost of asd2613 the Devastator, a journeyman DrCj of Vehumet (Lair:5)
  A dire elephant (Lair:5)
  The ghost of Livid the Grappler, a journeyman TrSh (Lair:5)
  A red draconian (Volcano)
  An ogre mage (Volcano)
  An alligator (Lair:3)
  2 hydras
  2 centaur warriors
  2 catoblepae
  A boulder beetle (D:11)
  4 death yaks (Lair:5)
  A deep troll shaman (Lair:5)
  The ghost of GrumpyGrim72 the Thaumaturge, a journeyman DECj of Sif Muna (D:11)
  4 two-headed ogres
  Lodul (D:10)
  A steelbarb worm (shapeshifter) (D:13)
  Pikel (D:6)
  3 manticores (D:13)
  2 cyclopes (D:12)
  2 black mambas
  6 elephants
  3 cane toads
  A gargoyle (D:10)
  A cane toad (shapeshifter) (D:13)
  An unseen horror (D:10)
  Maggie (D:7)
  2 kobold demonologists
  6 komodo dragons
  A rime drake (Lair:5)
  A freezing wraith (D:10)
  Psyche (D:9)
  6 polar bears
  A queen bee (shapeshifter) (D:13)
  6 trolls
  A polar bear (shapeshifter) (D:13)
  3 hornets
  Prince Ribbit (D:5)
  4 blink frogs
  A glass eye (Lair:5)
  Sigmund (D:2)
  3 slime creatures (D:13)
  A spriggan (Lair:5)
  A basilisk (Lair:1)
  7 wyverns
  A vampire (D:10)
  5 fire bats (Volcano)
  38 yaks
  A fire elemental (D:13)
  A human (shapeshifter) (D:13)
  7 vampire mosquitoes
  2 steam dragons
  Grum (D:9)
  Edmund (D:5)
  2 acid dragons
  14 water moccasins
  2 swamp drakes
  2 ice beasts
  5 orc warriors
  3 black bears
  16 wolves
  9 ogres
  The ghost of Melum the Magician, an amateur DgEE (D:3)
  2 centaurs
  A lemure (D:6)
  3 kobold brigands
  7 bullfrogs
  A phantom (D:6)
  7 gnoll sergeants
  4 scorpions
  A burial acolyte (D:6)
  15 wights
  5 killer bees
  2 howler monkeys
  An electric eel (D:9)
  A bombardier beetle (D:6)
  5 lava snakes
  13 hounds
  3 jellies
  4 gnoll boudas
  7 orc priests
  A sleepcap (D:7)
  An iguana (D:5)
  10 orc wizards
  3 hound zombies (D:6)
  40 gnolls
  16 adders
  5 river rats
  6 shadow imps
  A white imp (D:6)
  2 ufetubi (D:6)
  3 dart slugs (D:2)
  5 ribbon worms
  29 orcs
  13 ball pythons
  5 bats
  6 endoplasms
  8 giant cockroaches
  10 goblins
  14 hobgoblins
  4 jackals
  A quokka (D:1)
  3 frilled lizards (D:1)
  2 gnoll zombies (D:6)
  6 kobolds
  2 kobold zombies (D:6)
  8 rats
490 creatures vanquished.

Vanquished Creatures (collateral kills)
  2 hydras
  A vault guard (D:13)
  A catoblepas (Lair:5)
  3 two-headed ogres
  An ugly thing (D:12)
  An elephant (Lair:5)
  An eye of devastation (Lair:5)
  A rime drake (Lair:5)
  2 cane toads
  A tengu conjurer (D:13)
  A polar bear (Lair:3)
  A blink frog (Lair:4)
  2 slime creatures (D:13)
  A wyvern (Lair:1)
  12 yaks
  A vampire mosquito (D:12)
  An acid dragon (D:8)
  A water moccasin (Lair:5)
  2 orc warriors
  2 wolves
  2 centaurs
  A wight (D:8)
  2 killer bees (D:8)
  A lava snake (Volcano)
  4 hounds (D:9)
  An orc priest (D:12)
  2 gnoll boudas
  An orc wizard (D:8)
  4 gnolls
  7 orcs
63 creatures vanquished.

Vanquished Creatures (others)
  An ancestor (D:9)
  6 knights
7 creatures vanquished.

Grand Total: 560 creatures vanquished

Notes
Turn   | Place    | Note
-------+----------+-------------------------------------------
     0 | D:1      | Gadfly the Kobold Hunter began the quest for the Orb.
     0 | D:1      | Reached XP level 1. HP: 12/12 MP: 1/1
    45 | D:1      | Reached XP level 2. HP: 15/17 MP: 2/2
    76 | D:1      | Found a faded altar of an unknown god.
    82 | D:1      | Reached skill level 1 in Evocations
    98 | D:1      | Reached skill level 1 in Invocations
   299 | D:1      | Reached XP level 3. HP: 22/22 MP: 3/3
   445 | D:1      | Found Tipeeqala's General Store.
   839 | D:2      | Noticed Sigmund
   851 | D:2      | Killed Sigmund
   852 | D:2      | Reached skill level 6 in Ranged Weapons
   852 | D:2      | Reached XP level 4. HP: 7/28 MP: 4/6
   852 | D:2      | Reached XP level 5. HP: 8/32 MP: 4/7
   852 | D:2      | Reached XP level 6. HP: 10/37 MP: 4/8
   981 | D:2      | Identified the +2 leather armour "Vood" {rElec rC- Regen+
                  | Stlth+}
  1680 | D:3      | Found a snail-covered altar of Cheibriados.
  1846 | D:3      | Found Quhir's Weapon Boutique.
  1913 | D:3      | Found Bok Qao's General Store.
  1917 | D:3      | Bought a potion of degeneration for 13 gold pieces
  1954 | D:3      | Found a runed translucent gate.
  1955 | D:3      | Found a runed translucent gate.
  1959 | D:3      | Found a runed translucent gate.
  2037 | D:3      | Found a glowing silver altar of Zin.
  2037 | D:3      | Noticed an angel
  2263 | D:3      | Identified the +3 ring mail "Coorut" {Slay+3}
  2264 | D:3      | Noticed Melum's ghost (amateur DgEE)
  2384 | D:1      | Bought a scroll of brand weapon for 95 gold pieces
  2732 | D:4      | Reached XP level 7. HP: 41/41 MP: 9/9
  3335 | D:4      | Learned a level 2 spell: Blink
  3339 | D:4      | Learned a level 3 spell: Ozocubu's Armour
  3349 | D:5      | Entered Level 5 of the Dungeon
  3351 | D:5      | Noticed Edmund
  3372 | D:5      | Killed Edmund
  3402 | D:4      | Reached skill level 5 in Evocations
  3402 | D:4      | Reached XP level 8. HP: 43/45 MP: 11/11
  3501 | D:5      | Reached skill level 7 in Ranged Weapons
  3555 | D:5      | Found a bloodstained altar of Trog.
  3634 | D:5      | Noticed Prince Ribbit
  3640 | D:5      | Killed Prince Ribbit
  3641 | D:5      | Reached skill level 5 in Invocations
  3690 | D:5      | Reached skill level 5 in Dodging
  3920 | D:5      | Reached XP level 9. HP: 52/53 MP: 13/13
  4121 | D:5      | Found a glowing golden altar of the Shining One.
  4210 | D:6      | Reached skill level 5 in Fighting
  4258 | D:6      | Identified the +1 pair of boots of the Lute {rN+ Regen+
                  | Stlth+}
  4264 | D:6      | Found a glowing drain.
  4270 | Sewer    | Entered a sewer
  4376 | Sewer    | Found a glowing silver altar of Zin.
  4693 | D:6      | Noticed Pikel
  4734 | D:6      | Killed Pikel
  4735 | D:6      | Reached skill level 8 in Ranged Weapons
  4754 | D:6      | Found an iron altar of Okawaru.
  4792 | D:6      | Found an ancient bone altar of Kikubaaqudgha.
  4975 | D:6      | Reached XP level 10. HP: 60/60 MP: 15/15
  5122 | D:6      | Found a broken altar of Ashenzari.
  5125 | D:6      | Found a hazy altar of Hepliaklqana.
  5132 | D:6      | Became a worshipper of Hepliaklqana the Forgotten
  5734 | D:7      | Found a staircase to the Ecumenical Temple.
  5740 | Temple   | Entered the Ecumenical Temple
  5748 | D:7      | Noticed Maggie
  5768 | D:7      | Killed Maggie
  6502 | D:8      | HP: 3/61 [hornet (6)]
  6506 | D:8      | Reached skill level 9 in Ranged Weapons
  6528 | D:8      | Reached * piety under Hepliaklqana
  6661 | D:8      | Found a shimmering altar of Xom.
  6661 | D:8      | Found a hide-covered altar of Uskayaw.
  6692 | D:8      | Identified the +5 ring mail "Sitha" {-Tele rPois rF+}
  7072 | D:8      | Found a radiant altar of Vehumet.
  7162 | D:8      | Identified a scroll of acquirement
  7167 | D:8      | Acquired a +6 arbalest of flaming
  7178 | D:9      | Noticed Psyche
  7185 | D:9      | Killed Psyche
  7268 | D:9      | Noticed a two-headed ogre
  7272 | D:9      | Killed a two-headed ogre
  7273 | D:9      | Reached skill level 10 in Ranged Weapons
  7273 | D:9      | Reached XP level 11. HP: 60/60 MP: 17/17
  7282 | D:9      | Noticed a two-headed ogre
  7590 | D:9      | Reached ** piety under Hepliaklqana
  7591 | D:9      | Remembered your ancestor Meat Ghost as a knight
  7819 | D:9      | Found a staircase to the Lair.
  7988 | D:9      | Noticed a two-headed ogre
  7992 | D:9      | Killed a two-headed ogre
  7993 | D:9      | Reached skill level 11 in Ranged Weapons
  8208 | D:9      | Noticed Grum
  8210 | D:9      | Killed Grum
  8266 | D:9      | Found an ornate altar of the Wu Jian Council.
  8291 | D:10     | Entered Level 10 of the Dungeon
  8349 | D:10     | Noticed a two-headed ogre
  8352 | D:10     | Killed a two-headed ogre
  8353 | D:10     | Found a stormy altar of Qazlal.
  8441 | D:10     | Reached XP level 12. HP: 68/68 MP: 19/19
  8514 | D:10     | Found a runed translucent door.
  8621 | D:10     | Noticed Lodul
  8624 | D:10     | Killed Lodul
  8630 | D:10     | Reached skill level 10 in Dodging
  8638 | D:10     | Reached *** piety under Hepliaklqana
  8832 | D:10     | Found a runed translucent door.
  8865 | D:10     | Found a basalt altar of Yredelemnul.
  8890 | D:10     | Reached skill level 12 in Ranged Weapons
  8930 | D:10     | Reached skill level 10 in Evocations
  9426 | D:10     | Reached skill level 10 in Invocations
  9839 | D:10     | Noticed a fire dragon
  9840 | D:10     | Noticed an occultist
  9913 | Lair:1   | Entered Level 1 of the Lair of Beasts
 10027 | Lair:1   | Reached skill level 10 in Fighting
 10295 | Lair:1   | Noticed a catoblepas
 10300 | Lair:1   | Killed a catoblepas
 10824 | Lair:2   | Noticed a five-headed hydra
 10830 | Lair:2   | Reached skill level 13 in Ranged Weapons
 10873 | Lair:2   | Found a dark tunnel.
 10905 | Volcano  | Entered a volcano
 10954 | Volcano  | Reached XP level 13. HP: 74/74 MP: 20/20
 10962 | Volcano  | Reached **** piety under Hepliaklqana
 11068 | Volcano  | Noticed a red draconian
 11072 | Volcano  | Noticed an ogre mage
 11074 | Volcano  | Killed a red draconian
 11078 | Volcano  | Killed an ogre mage
 11132 | Volcano  | Found a radiant altar of Vehumet.
 11659 | Lair:2   | Found a hole to the Spider Nest.
 11685 | Lair:2   | Killed a five-headed hydra
 12127 | Lair:2   | Acquired 1070 gold pieces
 12366 | Lair:3   | Noticed a catoblepas
 12372 | Lair:3   | Killed a catoblepas
 12373 | Lair:3   | Reached skill level 14 in Ranged Weapons
 12917 | Lair:3   | Noticed a six-headed hydra
 12919 | Lair:3   | Killed a six-headed hydra
 12925 | Lair:3   | Reached ***** piety under Hepliaklqana
 13299 | Lair:3   | Noticed an alligator
 13306 | Lair:3   | Killed an alligator
 13319 | Lair:3   | Found a staircase to the Swamp.
 13354 | Lair:4   | Noticed an eight-headed hydra
 13425 | Lair:4   | HP: 3/75 [eight-headed hydra (12)]
 13427 | Lair:4   | HP: 1/75 [blink frog (6)]
 13429 | Lair:4   | Noticed a six-headed hydra
 13554 | Lair:4   | Reached XP level 14. HP: 81/81 MP: 22/22
 14422 | Lair:5   | Entered Level 5 of the Lair of Beasts
 14538 | Lair:5   | Reached skill level 15 in Ranged Weapons
 14907 | Lair:5   | Noticed a dire elephant
 14915 | Lair:5   | Killed a dire elephant
 15210 | Lair:5   | Found a viscous altar of Jiyva.
 15501 | Lair:5   | Found a runed translucent gate.
 15502 | Lair:5   | Found a runed translucent gate.
 15504 | Lair:5   | Found a runed translucent gate.
 15603 | Lair:5   | Found a staircase to the Slime Pits.
 16007 | Lair:5   | Noticed asd2613's ghost (journeyman DrCj)
 16007 | Lair:5   | Noticed Livid's ghost (journeyman TrSh)
 16026 | Lair:5   | Killed Livid's ghost
 16165 | Lair:5   | Killed asd2613's ghost
 16837 | D:3      | Killed Melum's ghost
 16908 | D:3      | Learned a level 3 spell: Inner Flame
 17190 | D:11     | Found a runed translucent gate.
 17191 | D:11     | Found a runed translucent gate.
 17192 | D:11     | Found a runed translucent gate.
 17611 | D:11     | Identified the +7 flail "Qithry" {speed, rF+ Will++}
 17647 | D:11     | Found Lahuo's Antique Armour Boutique.
 18333 | D:11     | Noticed GrumpyGrim72's ghost (journeyman DECj)
 18338 | D:11     | Killed GrumpyGrim72's ghost
 18462 | D:12     | Reached XP level 15. HP: 88/88 MP: 24/24
 18625 | D:12     | Reached skill level 16 in Ranged Weapons
 18644 | D:12     | Reached ****** piety under Hepliaklqana
 19062 | D:12     | Found a staircase to the Orcish Mines.
 19269 | D:13     | Acquired 1001 gold pieces
 19703 | D:13     | Killed from afar by an ironbound thunderhulk

Illustrated notes

Levels and vault maps discovered:
D:1:      minmay_arrival_wavy_path, layout_rooms, serial_shops,
          nicolae_shop_waterfront, chequers_ecumenical_altar_simple
D:2:      layout_basic, minmay_tromino_v2, uniq_sigmund
D:3:      cheibrodos_greedy_goblins, layout_rooms, zin_angel,
          cheibriados_altar_1, biasface_ghost_orc_armoury, serial_shops,
          nicolae_shop_bloodbath_and_beyond, nicolae_shop_back_alley_shop,
          serial_glass, glass_columns_c, glass_columns_a
D:4:      layout_basic, minmay_snake_closets
D:5:      layout_loops_ring, nicolae_overflow_crystal_walls, tso_oasis_becter,
          minmay_liquid_box, uniq_edmund, uniq_prince_ribbit1
D:6:      layout_rooms, regret_index_kikubaaqudgha_part_by_part,
          lemuel_coloured_pillars_altar, jmf_multi_god_temple2,
          portal_sewer_entry_b, uniq_pikel
D:7:      layout_loops_ring, minmay_temple_entry_tees, uniq_maggie
D:8:      layout_rooms, gammafunk_temple_overflow_elements,
          mainiacjoe_overflow_brackets
D:9:      layout_cave_pools, kennysheep_little_box, lair_entry_dummy,
          serial_gnoll_camp, gnoll_camp_mini_house, gnoll_camp_medium_01,
          grums_kennel, gnoll_camp_huts_moat, gnoll_camp_mini_hut,
          gnoll_camp_mini_house, uniq_psyche
D:10:     cheibrodos_histonic, layout_irregular_city,
          nicolae_qazlal_scattered_showers, mainiacjoe_overflow_alcove_1,
          serial_column_ruins, column_ruins_corridor_straight,
          column_ruins_columns_dead_end, column_ruins_grid_1, uniq_lodul
D:11:     layout_stronghold, serial_shops, nicolae_shop_scrapyard,
          ebering_ghost_rock_garden
D:12:     layout_irregular_city, erik_orc_1, chequers_serial_rivers_marsh
D:13:     layout_cave_pods, hellmonk_vaults_keyhole, kennysheep_island_fort
Temple:   pf_temple_reverse_labyrinth
Lair:1:   layout_chaotic_city, chequers_serial_rivers_small_3
Lair:2:   layout_regular_city, nicolae_spider_entry_non_spiders,
          nicolae_volcano_entry_two_sided
Lair:3:   layout_chaotic_city, mainiacjoe_swamp_entry_lozenge_pond
Lair:4:   layout_regular_city, beast_lair_carwin_1
Lair:5:   grunt_lair_end_beastmaster, layout_misc_corridors,
          minmay_slime_entry_eyes, gammafunk_ghost_cemetery, wad_woods_03

Skill      XL: |  1  2  3  4  5  6  7  8  9 10 11 12 13 14 15 |
---------------+----------------------------------------------+-----
Evocations     | 1 3 4 5 6 8 9 10 12 13 | 13.1
Invocations    | 1 2 3 4 5 7 9 10 11 12 13 | 13.3
Fighting       | 3 4 5 7 9 10 11 13 | 13.4
Ranged Weapons | 6 7 8 10 11 13 14 15 16 | 16.2
Dodging        | 3 4 5 6 8 9 11 12 13 | 13.2
Stealth        | |  1.3

Action                     |  1- 3 |  4- 6 |  7- 9 | 10-12 | 13-15 || total
---------------------------+-------+-------+-------+-------+-------++-------
  Melee: Rapier            |       |       |     2 |       |       ||     2
         Trident           |       |       |       |     6 |       ||     6
   Fire: Shortbow          |    79 |   113 |   392 |   258 |       ||   842
         Arbalest          |       |       |       |   299 |   522 ||   821
 Invoke: Ancestor Identity |       |       |       |     1 |       ||     1
         Ancestor Life: Kn |       |       |       |     1 |       ||     1
  Evoke: Wand              |       |       |       |     2 |     1 ||     3
    Use: Scroll            |     6 |     4 |     7 |     6 |     7 ||    30
         Potion            |       |     2 |     3 |     3 |     1 ||     9
 Armour: Leather armour    |    19 |    31 |   162 |    76 |       ||   288
         Ring mail         |       |       |       |    62 |     4 ||    66
         Robe              |       |       |       |     9 |       ||     9
         Steam dragon scal |       |       |       |    14 |    76 ||    90
  Dodge: Dodged            |    20 |    50 |   361 |   417 |   259 ||  1107
